AoeStats
← 牛油果

Arena

508642573Analyzed
4v4 RM · 9d ago on Sep 23, 2026· 33m 8s· 8 players
Game mode
Random Map
Map size
Large (8 player)
Population
200
Speed
Normal
Resources
Standard
Victory
Conquest
Starting age
Dark Age
Ending age
Imperial Age
RankedLock teamsTeams togetherTeam positionsShared explorationLock speedFull tech treeHidden civsTurbo modeCheats
Victory
Defeat
🇫🇮 Britons · Finland
1639
+11
🇧🇪 Hindustanis · Belgium
1624
+11
🇨🇳 Inca · China
1613
+12
🇭🇰 Danes · Hong Kong SAR China
1593
+13
🇹🇼 Bohemians · Taiwan
1581
-15
1535
-12
🇹🇼 Teutons · Taiwan
1486
-10
🇹🇼 Persians · Taiwan
1485
-10
JINX
11:17 Feudal Age
11:57 Double-Bit Axe
14:54 Castle Age
12:41 Horse Collar
15:56 Bow Saw
17:13 Loom
19:56 Wheelbarrow
21:06 Light Cavalry
22:45 Gold Mining
23:28 Hand Cart
25:30 Heavy Plow
26:06 Gold Shaft Mining
25:38 Scale Barding Armor
29:32 Imperial Age
27:22 Scale Barding Armor
27:27 Forging
27:28 Bloodlines
27:18 Husbandry
28:46 Chain Barding Armor
28:28 Padded Archer Armor
28:49 Chain Barding Armor
28:45 Devotion
31:18 Chemistry
30:34 Leather Archer Armor
30:48 Conscription
30:29 Shatagni
31:37 Plate Barding Armor
30:24 Hussar
31:09 Stone Mining
32:06 Grand Trunk Road
m1gzu
10:14 Feudal Age
13:58 Castle Age
12:33 Double-Bit Axe
12:57 Horse Collar
14:53 Heavy Plow
17:50 Loom
21:35 Wheelbarrow
22:37 Fletching
24:42 Town Watch
25:44 Hand Cart
25:51 Hand Cart
25:52 Gold Mining
25:52 Stone Mining
26:31 Bow Saw
30:17 Imperial Age
27:46 Bodkin Arrow
28:51 Ballistics
28:44 Padded Archer Armor
29:53 Leather Archer Armor
31:46 Gold Shaft Mining
30:34 Elite Longbowman
31:18 Bracer
32:40 Chemistry
32:15 Conscription
牛油果
6:57 Loom
7:57 Loom
9:57 Feudal Age
13:43 Castle Age
12:14 Double-Bit Axe
21:02 Bow Saw
21:58 Horse Collar
23:18 Fletching
25:09 Bodkin Arrow
29:43 Wheelbarrow
30:14 Heavy Plow
30:05 Gold Mining
35:32 Imperial Age
枕上鸳鸯睡红莲
10:59 Feudal Age
10:13 Loom
16:19 Double-Bit Axe
16:14 Horse Collar
24:56 Castle Age
24:46 Wheelbarrow
26:17 Bow Saw
26:08 Heavy Plow
26:27 Gold Mining
29:05 Gold Shaft Mining
28:25 Stone Mining
29:39 Hand Cart
SHANNON
11:03 Feudal Age
14:58 Castle Age
13:34 Double-Bit Axe
13:53 Horse Collar
17:35 Loom
23:28 Fervor
24:41 Bow Saw
25:15 Wheelbarrow
25:52 Heavy Plow
26:32 Hand Cart
26:03 Town Watch
29:16 Imperial Age
28:36 Forging
28:26 Scale Mail Armor
29:29 Chemistry
28:19 Pikeman
28:59 Squires
28:44 Arson
30:33 Iron Casting
30:13 Chain Mail Armor
29:41 Halberdier
32:17 Blast Furnace
31:27 Fletching
33:16 Two-Man Saw
32:58 Siege Engineers
新手上路 請多關照
9:36 Feudal Age
13:17 Castle Age
12:00 Double-Bit Axe
11:56 Horse Collar
14:10 Bow Saw
14:34 Gold Mining
17:19 Sanctity
20:28 Redemption
22:33 Loom
24:53 Wheelbarrow
31:11 Imperial Age
30:23 Hand Cart
30:31 Stone Mining
30:47 Heavy Plow
31:23 Gold Shaft Mining
32:08 Stone Shaft Mining
31:41 Fletching
31:51 Padded Archer Armor
32:56 Block Printing
33:29 Fervor
HanShiba
10:45 Feudal Age
14:59 Castle Age
13:53 Scale Barding Armor
14:13 Double-Bit Axe
16:08 Bow Saw
17:46 Light Cavalry
28:21 Forging
31:19 Wheelbarrow
35:33 Imperial Age
阿秋1
6:12 Loom
8:30 Feudal Age
10:49 Fletching
16:51 Double-Bit Axe
25:03 Castle Age
23:33 Horse Collar
26:26 Wheelbarrow
26:08 Bow Saw
26:03 Padded Archer Armor
26:01 Bodkin Arrow
26:05 Town Watch
30:28 Guard Tower
31:04 Gold Mining
31:05 Stone Mining
Connection lost

Rejoining the realm…

Still unreachable

The connection could not be restored.

Session expired

The server has moved on; the page needs a fresh start.